EL
MISSISSIPPI BRAVES @ COLUMBIA FIREFLIES
08/31/2049
 
TOP OF THE 1ST
Mississippi Braves batting - Pitching for Columbia Fireflies : RHP Bryan Dorne
Pitching: RHP Bryan Dorne
Batting: LHB Sal Fernandez 0-0: Ball
1-0: Ground out 4-3 (Groundball, 34D, EV 81.9 MPH)
Batting: RHB Hieronim Rutkowski 0-0: Called Strike
0-1: Reached on error, E5 (Groundball, 5, EV 90.6 MPH)
Batting: LHB Ricardo Sandoval 0-0: Called Strike
0-1: Ball
1-1: Swinging Strike
1-2: Foul Ball, location: 2F
1-2: Ball
2-2: Foul Ball, location: 2F
2-2: Foul Ball, location: 2F
2-2: Strikes out swinging
Batting: RHB Eddie McCoy 0-0: Called Strike
0-1: Ball
1-1: Called Strike
1-2: Ball
2-2: Strikes out swinging
Top of the 1st over - 0 runs, 0 hits, 1 error, 1 left on base; Mississippi 0 - Columbia 0
BOTTOM OF THE 1ST
Columbia Fireflies batting - Pitching for Mississippi Braves : RHP Thomas Crowner
Pitching: RHP Thomas Crowner
Batting: SHB Detlef Oursler 0-0: SINGLE (Line Drive, 56, EV 96.9 MPH)
Batting: RHB Oscar Bravo 0-0: Ball
Detlef Oursler steals 2nd base
1-0: Foul Ball, location: 2F
1-1: Ground out 6-3 (Groundball, 6, EV 86.9 MPH)
Detlef Oursler to third
Batting: LHB Bayesa Mundhir 0-0: Ground out 6-3 (Groundball, 6, EV 83.8 MPH)
Detlef Oursler scores
Batting: LHB Tony Leyba 0-0: Ball
1-0: Ball
2-0: Ball
3-0: Called Strike
3-1: Base on Balls
Batting: LHB Dan Bremseth 0-0: Called Strike
0-1: Called Strike
0-2: Ball
Tony Leyba steals 2nd base
1-2: Foul Ball, location: 2F
1-2: Foul Ball, location: 2F
1-2: Foul Ball, location: 2F
1-2: Ball
2-2: Foul Ball, location: 2F
2-2: Foul Ball, location: 2F
2-2: Foul Ball, location: 2F
2-2: Ground out 4-3 (Groundball, 4M, EV 103.8 MPH)
Bottom of the 1st over - 1 run, 1 hit, 0 errors, 1 left on base; Mississippi 0 - Columbia 1
TOP OF THE 2ND
Mississippi Braves batting - Pitching for Columbia Fireflies : RHP Bryan Dorne
Batting: RHB Paul Landes 0-0: Ball
1-0: Foul Ball, location: 2F
1-1: Ground out 4-3 (Groundball, 4, EV 85.6 MPH)
Batting: RHB Costantino Dolfini 0-0: Called Strike
0-1: Ball
1-1: Swinging Strike
1-2: Ball
2-2: Strikes out swinging
Batting: SHB Jose Melendez 0-0: Ball
1-0: Called Strike
1-1: Foul Ball, location: 2F
1-2: Ball
2-2: Ground out 6-3 (Groundball, 6, EV 83.1 MPH)
Top of the 2nd over - 0 runs, 0 hits, 0 errors, 0 left on base; Mississippi 0 - Columbia 1
BOTTOM OF THE 2ND
Columbia Fireflies batting - Pitching for Mississippi Braves : RHP Thomas Crowner
Batting: SHB Jerry Burrows 0-0: Called Strike
0-1: Called Strike
0-2: Foul Ball, location: 2F
0-2: Ball
1-2: Ball
2-2: Strikes out swinging
Batting: LHB Miguel Ramos 0-0: Called Strike
0-1: SOLO HOME RUN (Flyball, 89XD, EV 98.8 MPH), Distance : 395 ft
Batting: RHB Ryan Marler 0-0: Ball
1-0: Fly out, F8 (Line Drive, 8RM, EV 88.8 MPH)
Batting: RHB Gary Hills 0-0: Swinging Strike
0-1: Foul Ball, location: 2F
0-2: Ball
1-2: Ball
2-2: Foul Ball, location: 2F
2-2: SINGLE (Groundball, 6MD, EV 106.9 MPH)
Batting: SHB Detlef Oursler 0-0: Ball
1-0: Ball
2-0: Called Strike
2-1: Swinging Strike
2-2: Strikes out swinging
Bottom of the 2nd over - 1 run, 2 hits, 0 errors, 1 left on base; Mississippi 0 - Columbia 2
TOP OF THE 3RD
Mississippi Braves batting - Pitching for Columbia Fireflies : RHP Bryan Dorne
Batting: RHB Tim Molchan 0-0: Ball
1-0: Ball
2-0: Foul Ball, location: 2F
2-1: Foul Ball, location: 2F
2-2: Ground out 5-3 (Groundball, 56S, EV 87.5 MPH)
Batting: LHB Fred Arends 0-0: Ball
1-0: Foul Ball, location: 2F
1-1: Ground out 4-3 (Groundball, 4, EV 106.2 MPH)
Batting: LHB Sal Fernandez 0-0: Ball
1-0: Ground out 4-3 (Groundball, 4, EV 85.0 MPH)
Top of the 3rd over - 0 runs, 0 hits, 0 errors, 0 left on base; Mississippi 0 - Columbia 2
BOTTOM OF THE 3RD
Columbia Fireflies batting - Pitching for Mississippi Braves : RHP Thomas Crowner
Batting: RHB Oscar Bravo 0-0: Bunt missed!
0-1: Ground out 3-1 (Groundball, 34, EV 90.0 MPH)
Batting: LHB Bayesa Mundhir 0-0: Called Strike
0-1: Ball
1-1: Ball
2-1: Called Strike
2-2: Foul Ball, location: 2F
2-2: Foul Ball, location: 2F
2-2: SINGLE (Groundball, 56D, EV 104.4 MPH)
Batting: LHB Tony Leyba 0-0: Called Strike
0-1: Ball
1-1: Called Strike
1-2: Ball
2-2: Ball
3-2: Strikes out swinging
Batting: LHB Dan Bremseth 0-0: Ball
1-0: Ball
2-0: Called Strike
2-1: Foul Ball, location: 2F
2-2: Ball
3-2: Strikes out swinging
Bottom of the 3rd over - 0 runs, 1 hit, 0 errors, 1 left on base; Mississippi 0 - Columbia 2
TOP OF THE 4TH
Mississippi Braves batting - Pitching for Columbia Fireflies : RHP Bryan Dorne
Batting: RHB Hieronim Rutkowski 0-0: Ball
1-0: Ground out 5-3 (Groundball, 56, EV 84.4 MPH)
Batting: LHB Ricardo Sandoval 0-0: Foul Ball, location: 2F
0-1: Foul Ball, location: 2F
0-2: Ball
1-2: Hit by Pitch
Batting: RHB Eddie McCoy 0-0: Called Strike
0-1: Called Strike
0-2: Ball
1-2: Ball
2-2: Foul Ball, location: 2F
2-2: Strikes out swinging
Ricardo Sandoval is caught stealing 2nd base 2-4
Batter strikes out.
Top of the 4th over - 0 runs, 0 hits, 0 errors, 0 left on base; Mississippi 0 - Columbia 2
BOTTOM OF THE 4TH
Columbia Fireflies batting - Pitching for Mississippi Braves : RHP Thomas Crowner
Batting: SHB Jerry Burrows 0-0: Ball
1-0: Ball
2-0: Called Strike
2-1: Ground out 4-3 (Groundball, 4S, EV 71.9 MPH)
Batting: LHB Miguel Ramos 0-0: Called Strike
0-1: Ball
1-1: Swinging Strike
1-2: Foul Ball, location: 2F
1-2: Ball
2-2: Ground out U3 (Groundball, 3L, EV 80.0 MPH)
Batting: RHB Ryan Marler 0-0: Called Strike
0-1: Swinging Strike
0-2: Ball
1-2: Ball
2-2: Ball
3-2: Fly out, F7 (Flyball, 7LM, EV 96.9 MPH)
Bottom of the 4th over - 0 runs, 0 hits, 0 errors, 0 left on base; Mississippi 0 - Columbia 2
TOP OF THE 5TH
Mississippi Braves batting - Pitching for Columbia Fireflies : RHP Bryan Dorne
Batting: RHB Paul Landes 0-0: Fly out, F7 (Flyball, 7LD, EV 93.8 MPH)
Batting: RHB Costantino Dolfini 0-0: Foul Ball, location: 2F
0-1: Ground out U3 (Groundball, 34, EV 79.4 MPH)
Batting: SHB Jose Melendez 0-0: Called Strike
0-1: Called Strike
0-2: Strikes out swinging, 2-3 out at first.
Top of the 5th over - 0 runs, 0 hits, 0 errors, 0 left on base; Mississippi 0 - Columbia 2
BOTTOM OF THE 5TH
Columbia Fireflies batting - Pitching for Mississippi Braves : RHP Thomas Crowner
Batting: RHB Gary Hills 0-0: Swinging Strike
0-1: Foul Ball, location: 2F
0-2: Ball
1-2: Strikes out looking
Batting: SHB Detlef Oursler 0-0: Called Strike
0-1: Ball
1-1: Ball
2-1: Foul Ball, location: 2F
2-2: Foul Ball, location: 2F
2-2: Strikes out swinging, 2-3 out at first.
Batting: RHB Oscar Bravo 0-0: Ball
1-0: Ball
2-0: Swinging Strike
2-1: Reached on error, E5 (Groundball, 56S, EV 71.9 MPH)
Batting: LHB Bayesa Mundhir 0-0: Ball
1-0: Swinging Strike
1-1: Ball
2-1: Ground out 4-3 (Groundball, 34D, EV 108.1 MPH)
Bottom of the 5th over - 0 runs, 0 hits, 1 error, 1 left on base; Mississippi 0 - Columbia 2
TOP OF THE 6TH
Mississippi Braves batting - Pitching for Columbia Fireflies : RHP Bryan Dorne
Batting: RHB Tim Molchan 0-0: Called Strike
0-1: Ground out 4-3 (Groundball, 4, EV 103.8 MPH)
Batting: LHB Fred Arends 0-0: Ball
1-0: Foul Ball, location: 2F
1-1: Swinging Strike
1-2: Strikes out swinging
Batting: LHB Sal Fernandez 0-0: Swinging Strike
0-1: SINGLE (Line Drive, 89S, EV 106.2 MPH)
Batting: RHB Hieronim Rutkowski 0-0: Called Strike
Sal Fernandez steals 2nd base (no throw)
0-1: Ball
1-1: Ball
2-1: Ball
3-1: Base on Balls
Batting: LHB Ricardo Sandoval 0-0: Called Strike
0-1: Ball
1-1: Ball
2-1: Foul Ball, location: 2F
2-2: Foul Ball, location: 2F
2-2: Strikes out swinging
Top of the 6th over - 0 runs, 1 hit, 0 errors, 2 left on base; Mississippi 0 - Columbia 2
BOTTOM OF THE 6TH
Columbia Fireflies batting - Pitching for Mississippi Braves : RHP Thomas Crowner
Batting: LHB Tony Leyba 0-0: SINGLE (Groundball, 56D, EV 100.0 MPH)
Pitching: RHP Justin Collins
Batting: LHB Dan Bremseth 0-0: 2-RUN HOME RUN (Flyball, 89XD, EV 103.1 MPH), Distance : 395 ft
Batting: SHB Jerry Burrows 0-0: Ball
1-0: Called Strike
1-1: Swinging Strike
1-2: Strikes out swinging
Batting: LHB Miguel Ramos 0-0: Called Strike
0-1: Swinging Strike
0-2: Strikes out looking
Batting: RHB Ryan Marler 0-0: Called Strike
0-1: Foul Ball, location: 2F
0-2: SINGLE (Line Drive, 4MD, EV 96.2 MPH)
Batting: RHB Gary Hills 0-0: Called Strike
0-1: Called Strike
0-2: Ball
1-2: Ball
2-2: Ground out 2-3 (Groundball, 13S, EV 72.5 MPH)
Bottom of the 6th over - 2 runs, 3 hits, 0 errors, 1 left on base; Mississippi 0 - Columbia 4
TOP OF THE 7TH
Mississippi Braves batting - Pitching for Columbia Fireflies : RHP Bryan Dorne
Batting: RHB Eddie McCoy 0-0: Ball
1-0: Called Strike
1-1: Ball
2-1: Ball
3-1: Foul Ball, location: 2F
3-2: Ground out 4-3 (Groundball, 4, EV 83.1 MPH)
Batting: RHB Paul Landes 0-0: Ball
1-0: Called Strike
1-1: Ball
2-1: Called Strike
2-2: Strikes out swinging
Batting: RHB Costantino Dolfini 0-0: Ball
1-0: Ball
2-0: Ball
3-0: Base on Balls
Batting: SHB Jose Melendez 0-0: Ball
1-0: Foul Ball, location: 2F
1-1: Fly out, F7 (Flyball, 7D, EV 76.9 MPH)
Top of the 7th over - 0 runs, 0 hits, 0 errors, 1 left on base; Mississippi 0 - Columbia 4
BOTTOM OF THE 7TH
Columbia Fireflies batting - Pitching for Mississippi Braves : RHP Justin Collins
Batting: SHB Detlef Oursler 0-0: Ball
1-0: Ball
2-0: Ball
3-0: Base on Balls
Batting: RHB Oscar Bravo 0-0: Bunted foul
0-1: Ball
Detlef Oursler steals 2nd base (no throw)
1-1: Bunt missed!
1-2: Foul Ball, location: 2F
1-2: SINGLE (Groundball, 6MD, EV 99.4 MPH)
Detlef Oursler to third
Runner from 3rd tries for Home, throw by CF and OUT! 8-2
Batting: LHB Bayesa Mundhir 0-0: Ball
1-0: Called Strike
1-1: Called Strike
Oscar Bravo is caught stealing 2nd base 2-6
1-2: Foul Ball, location: 2F
1-2: Ground out 4-3 (Groundball, 4, EV 88.1 MPH)
Bottom of the 7th over - 0 runs, 1 hit, 0 errors, 0 left on base; Mississippi 0 - Columbia 4
TOP OF THE 8TH
Mississippi Braves batting - Pitching for Columbia Fireflies : RHP Bryan Dorne
Batting: RHB Tim Molchan 0-0: Ball
1-0: Ball
2-0: Reached on error, E3 (Groundball, 34S, EV 86.2 MPH)
Batting: LHB Fred Arends 0-0: Ball
1-0: Called Strike
1-1: Ball
2-1: Ball
3-1: Called Strike
3-2: Foul Ball, location: 2F
3-2: Strikes out swinging
Batting: LHB Sal Fernandez 0-0: Called Strike
0-1: Ball
1-1: Ball
2-1: Ball
3-1: Base on Balls
Tim Molchan to second
Pitching: RHP Justin Wilkins
Batting: RHB Hieronim Rutkowski 0-0: Ball
1-0: Called Strike
1-1: Ball
2-1: Ball
3-1: Base on Balls
Tim Molchan to third
Sal Fernandez to second
Batting: LHB Ricardo Sandoval 0-0: Foul Ball, location: 2F
0-1: Fielders Choice at 2nd, 3-6 (Groundball, 3, EV 101.2 MPH)
Tim Molchan scores
Sal Fernandez to third
Batting: RHB Eddie McCoy 0-0: Ball
1-0: Ball
2-0: Called Strike
2-1: Foul Ball, location: 2F
2-2: DOUBLE (Groundball, 5L, EV 103.1 MPH)
Sal Fernandez scores
Ricardo Sandoval to third
Runner from 3rd tries for Home, SAFE, throw by LF to home
Batting: RHB Paul Landes 0-0: Ball
1-0: Called Strike
1-1: Foul Ball, location: 2F
1-2: Ball
2-2: Ball
3-2: Foul Ball, location: 2F
3-2: Foul Ball, location: 2F
3-2: SINGLE (Flyball, 89S, EV 97.5 MPH)
Eddie McCoy to third
Runner from 3rd tries for Home, throw by RF and OUT! 9-2
Top of the 8th over - 3 runs, 2 hits, 1 error, 1 left on base; Mississippi 3 - Columbia 4
BOTTOM OF THE 8TH
Columbia Fireflies batting - Pitching for Mississippi Braves : RHP Justin Collins
Pitching: RHP Troy Hutch
Batting: LHB Tony Leyba 0-0: Ball
1-0: Ground out 4-3 (Groundball, 4, EV 101.9 MPH)
Batting: LHB Dan Bremseth 0-0: Called Strike
0-1: Fly out, F5 (Line Drive, 5, EV 64.4 MPH)
Batting: SHB Jerry Burrows 0-0: Ball
1-0: Swinging Strike
1-1: Foul Ball, location: 2F
1-2: Strikes out swinging
Bottom of the 8th over - 0 runs, 0 hits, 0 errors, 0 left on base; Mississippi 3 - Columbia 4
TOP OF THE 9TH
Mississippi Braves batting - Pitching for Columbia Fireflies : RHP Justin Wilkins
Pitching: RHP Jose Esquibel
Batting: RHB Costantino Dolfini 0-0: Called Strike
0-1: Fly out, F4 (Popup, 23, EV 81.9 MPH)
Batting: SHB Jose Melendez 0-0: Ball
1-0: Swinging Strike
1-1: Ground out 6-3 (Groundball, 6M, EV 95.6 MPH)
Pinch Hitting: LHB Oke Monti 0-0: Ball
1-0: Ball
2-0: Ball
3-0: Called Strike
3-1: Base on Balls
Batting: LHB Fred Arends 0-0: Called Strike
0-1: Foul Ball, location: 2F
0-2: Ball
1-2: Foul Ball, location: 2F
1-2: Ball
Pickoff Throw to First - Out! 1-3
Top of the 9th over - 0 runs, 0 hits, 0 errors, 0 left on base; Mississippi 3 - Columbia 4
Sunday, July 16th , 2023 - OOTP Baseball 24.6 Build 69